 BcadrenCrawl: Boulder Brew version 0.06-688-g08e91b2d95 (webtiles) character file.

Game seed: 14181079933048491392

2196 Leeroy the Carver (level 9, -2/53 HPs) Molten Gargoyle Merfolk. Began on Jan 22, 2023. Was a Follower of Hepliaklqana. Slain by a wight ... wielding a cursed +4 spear of freezing {(Curse: rF- rC-)} (7 damage) ... on level 4 of the Dungeon. The game lasted 00:16:04 (5100 turns).

Leeroy the Carver (Molten Gargoyle Merfolk)         Turns: 5100, Time: 00:16:05

Health: -2/53      AC: 20    Str:  7    XL:     9 ^: 2390
Magic:  9/9        EV: 11    Int:  9    God:    Hepliaklqana [1* [46]]
Gold:   88         SH:  8    Dex: 21    Spells: 8/8 levels left

rFire    + + +     Slash    +   a - +0 long sword (freeze)
rCold    x . .     Pierce   .   A - +0 targe
rNeg     + . .     Bludgeon +   y - +4 ring mail
rCorr    . . .     Vision   +   c - +0 helmet
rPois    ∞         Gourm    .   h - +1 cloak
rElec    +         Faith    .   j - +0 pair of clawed gauntlets
MR       +....     Spirit   .   (no boots)
HPRegen  0.27/turn Reflect  .   o - amulet of Yjasioda {+Rage rElec MR+ Str-4 +Vis}
MPRegen  0.19/turn Harm     .   k - ring of protection
Stlth    ++........             (no ring)

@: berserk cooldown, starving, slowed, studying Crossbows, lightly drained, very
slow
A: torment immune, lava walking, reduced essence, breathe magma 1, fire
resistance 3, negative energy resistance 1, electricity resistance, unbreathing,
petrification resistance, cold vulnerability 1, rot immunity, merfolk tail, core
melding 2, artificial flesh
a: Breathe Magma, Recall Ancestor, Ancestor Identity, Renounce Religion, Evoke
Berserk Rage


You were on level 4 of the Dungeon.
You worshipped Hepliaklqana.
Hepliaklqana was aware of your devotion.
You were starving.

You visited 1 branch of the dungeon, and saw 4 of its levels.

You collected 214 gold pieces.
You spent 126 gold pieces at shops.

Inventory:

Weapons
 a - a +0 long sword of freezing (weapon) Shields
 A - a +0 targe (weapon)
Armour
 b - a +0 leather armour
 c - a +0 helmet (worn)
 g - a +0 scale mail
 h - a +1 cloak (worn)
 j - a +0 pair of clawed gauntlets (worn)
 y - a +4 ring mail (worn)
Jewellery
 k - a ring of protection (left claw)
 m - an uncursed ring of magical power
 o - the amulet of Yjasioda (around neck) {+Rage rElec MR+ Str-4 +Vis}
   (You took it off a big kobold on level 2 of the Dungeon)

   [amulet of rage]

   It affects your strength (-4).
   It insulates you from electricity.
   It affects your resistance to hostile enchantments.
   It improves your vision.
   It lets you go berserk.
 p - a cursed amulet of chaos {(Curse: MR-)}
 q - an uncursed ring of positive energy
 r - an uncursed ring of protection
 s - a cursed ring of dexterity {(Curse: Soulbond)}
 t - an uncursed ring of resist corrosion
Wands
 d - a wand of ensnaring (12)
Scrolls
 i - 2 scrolls of teleportation
 w - a scroll of magic mapping
Potions
 e - a potion of ambrosia
 n - 3 potions of brilliance
 u - 2 potions of might
 v - a potion of curing
 x - 3 potions of lignification
 B - a potion of cancellation
Miscellaneous
 l - 2 empty bottles
Comestibles
 f - 6 rations


   Skills:
 - Level 2.5(2.0) Fighting
 - Level 11.4(10.7) Long Blades
 - Level 4.1(3.5) Dodging
 - Level 0.4(0.0) Stealth
 * Level 3.4(2.9) Shields
 - Level 1.3(0.7) Unarmed Combat
 - Level 2.2(1.7) Evocations


You had 8 spell levels left.
You didn't know any spells.
Your spell library contained the following spells:

 Spells                   Type           Power        Failure   Level  Hunger
 Portal Projectile Chrm/Tloc 0 (50) 100% 3 120-180 Recall Summ/Tloc N/A 100% 3 120-180 Animate Dead Necr N/A 100% 4 200-300 Muse Oam's Air Blast Tloc/Air 0 (100) 100% 4 200-300 Borgnjor's Vile Clutch Necr/Erth 0 (200) 100% 6 440-660 Cigotuvi's Degeneration Tmut/Necr 0 (200) 100% 6 440-660 Death Channel Chrm/Necr 0 (200) 100% 6 440-660 Dispersal Tloc 0 (200) 100% 6 440-660 Simulacrum Ice/Necr 0 (200) 100% 6 440-660 Controlled Blink Tloc 0 (100) 100% 7 560-840 Disjunction Tloc 0 (200) 100% 8 680-1020 Unstable Fiery Dash Fire/Tloc      0 (200)      100%        8    680-1020


Dungeon Overview and Level Annotations

Branches:
Dungeon (4/8)
 Temple: D:4

Altars:
Hepliaklqana
Xom
The Shining One

Shops:
D:3 (


Innate Abilities, Weirdness & Mutations

You are resistant to torment.
You are not damaged by walking on lava.
You are immune to poison.
You can breathe lava.
You are almost immune to the effects of heat. (rF+++)
You resist negative energy. (rN+)
You are resistant to electric shocks. (rElec)
You can survive without breathing.
You are immune to petrification.
You are vulnerable to cold. (rC-)
You are immune to rotting.
On contact with water, your feet merge into a fishtail, which allows you to swim quickly, evasively and stealthily.
The molten core of your body molds to fit into any body armour perfectly. (1.5x Base AC and No Encumberance from Armour).
Your artificial form resists hard blunt hits and is difficult to cut into. (rBludgeoning+ , rSlashing+)
Your life essence is reduced to manifest your ancestor. (-10% HP)


Message History

The wight freezes you (3).
* * * LOW HITPOINT WARNING * * *
The wight hits you but does no damage. x2
You hit the wight but do no damage. x2
The wight is almost destroyed. (2/16) HP You block the wight's attack.
The wight hits you with a cursed +4 spear of freezing {(Curse: rF- rC-)} (1).
* * * LOW HITPOINT WARNING * * *
The wight hits you but does no damage.
Unknown command.
You hit the wight but do no damage. x2
The wight is almost destroyed. (2/16) HP You are starving!
The wight hits you with a cursed +4 spear of freezing {(Curse: rF- rC-)} (4).
* * * LOW HITPOINT WARNING * * *
The wight freezes you (3).
* * * LOW HITPOINT WARNING * * *
The wight hits you but does no damage.
The wight hits you with a cursed +4 spear of freezing {(Curse: rF- rC-)} (7)!
You die...

##############
#............########..
#......................
#............#.........
#............#.########
#..........z.#.#
#............#.###
#.........s.##z@<#
#..........z######
##########.#######
#....zs.## #.#####..#
#.# ##.# ... #.## ..#.#
#..# ... ..# ##s##


You could see a wight.

Vanquished Creatures
  Sigmund (D:3)
  Grinder (D:3)
  A porcupine (D:3)
  Duvessa (D:3)
  A scorpion (D:4)
  An ice beast (D:3)
  A crocodile (D:2)
  4 big kobolds (D:2)
  Dowan (D:3)
  A howler monkey (D:3)
  4 wights
  A hound (D:3)
  3 jellies (D:2)
  A gnoll shaman (D:2)
  An iguana (D:3)
  4 worker ants (D:3)
  7 giant cockroaches
  2 gnolls (D:2)
  4 adders
  17 sewer rats (D:2)
  3 cinder newts
  2 worms (D:2)
  5 oozes
  A bullfrog (D:2)
  A howler monkey skeleton (D:3)
  3 dart slugs
  5 leopard geckos
  3 orcs (D:3)
  2 adder skeletons (D:2)
  9 ball pythons
  4 bats
  4 goblins (D:1)
  3 hobgoblins (D:1)
  2 jackals (D:3)
  2 bat skeletons (D:2)
  A hobgoblin skeleton (D:2)
  24 kobolds
  2 orc skeletons (D:2)
  7 rats (D:1)
  A giant blowfly (D:2)
  2 withered plants (D:2)
143 creatures vanquished.

Vanquished Creatures (collateral kills)
  A big kobold (D:2)
  2 jellies (D:2)
  A gnoll (D:2)
  An adder (D:2)
  3 sewer rats (D:2)
  2 cinder newts (D:2)
  3 oozes (D:2)
  A leopard gecko (D:2)
  An adder skeleton (D:2)
  A goblin skeleton (D:2)
  4 kobolds (D:2)
  A giant blowfly (D:2)
  5 withered plants (D:2)
26 creatures vanquished.

Vanquished Creatures (others)
  A giant cockroach (D:2)
  A ball python (D:2)
  2 bat skeletons (D:2)
  3 ancestors (D:2)
  3 giant blowflies (D:2)
  3 slimeheads (D:2)
  184 withered plants (D:2)
197 creatures vanquished.

Grand Total: 366 creatures vanquished

Notes
Turn   | Place    | Note
-------+----------+-------------------------------------------
     0 | D:1      | Leeroy the Molten Gargoyle Merfolk began the quest for the
                  | Orb.
     0 | D:1      | Reached XP level 1. HP: 16/16 MP: 1/1
     6 | D:1      | Noticed a basilisk
     6 | D:1      | Noticed a queen ant
     6 | D:1      | Noticed a fire giant
   217 | D:1      | Reached skill level 3 in Long Blades
   233 | D:1      | Reached XP level 2. HP: 10/21 MP: 2/2
   392 | D:1      | Reached XP level 3. HP: 24/27 MP: 3/3
   712 | D:1      | Reached skill level 1 in Unarmed Combat
   845 | D:1      | Reached skill level 4 in Long Blades
   845 | D:1      | Reached XP level 4. HP: 32/32 MP: 4/4
  1275 | D:2      | Reached XP level 5. HP: 22/37 MP: 5/5
  1291 | D:2      | Reached skill level 5 in Long Blades
  1487 | D:2      | Found a shimmering altar of Xom.
  1487 | D:2      | Found a hazy altar of Hepliaklqana.
  1488 | D:2      | Noticed a water moccasin
  1488 | D:2      | Noticed a spectral ugly thing
  1511 | D:2      | Became a worshipper of Hepliaklqana the Forgotten
  1824 | D:2      | Reached XP level 6. HP: 28/38 MP: 6/6
  1824 | D:2      | Reached skill level 6 in Long Blades
  2066 | D:2      | Reached skill level 7 in Long Blades
  2087 | D:2      | HP: 1/38 [acid (3)]
  2102 | D:2      | Reached XP level 7. HP: 4/43 MP: 7/7
  2785 | D:2      | Reached skill level 8 in Long Blades
  2787 | D:2      | Identified the amulet of Yjasioda {+Rage rElec MR+ Str-4
                  | +Vis}
  2822 | D:2      | Reached skill level 9 in Long Blades
  2840 | D:2      | Found a faded altar of an unknown god.
  2848 | D:2      | Reached XP level 8. HP: 20/48 MP: 8/8
  3004 | D:2      | Reached * piety under Hepliaklqana
  3703 | D:3      | Noticed Duvessa
  3703 | D:3      | Noticed Dowan
  3742 | D:3      | Killed Duvessa
  3742 | D:3      | Reached skill level 10 in Long Blades
  3764 | D:3      | Killed Dowan
  4010 | D:3      | Noticed Grinder
  4034 | D:3      | Killed Grinder
  4197 | D:3      | Noticed Sigmund
  4205 | D:3      | Killed Sigmund
  4205 | D:3      | Reached skill level 11 in Long Blades
  4733 | D:3      | Found Ceonityt's Antique Weapon Shop.
  4750 | D:3      | Bought a targe for 126 gold pieces
  4844 | D:4      | Found a glowing golden altar of the Shining One.
  4861 | D:4      | Reached skill level 1 in Shields
  4861 | D:4      | Reached XP level 9. HP: 51/53 MP: 9/9
  5100 | D:4      | Slain by a wight

Illustrated notes

Levels and vault maps discovered:
D:1:      onia_arrival_zoo_common, layout_basic, first_ration,
          lemuel_flame_loot_1
D:2:      layout_sewer, regret_index_temple_of_mockery, sewer_minmay_treatment,
          chequers_ecumenical_altar_simple_redux, minmay_tetromino_t2
D:3:      layout_basic, serial_shops, nicolae_shop_waterfront, uniq_grinder,
          uniq_duvessa, uniq_sigmund
D:4:      layout_basic, minmay_temple_entry_drinking_statues,
          blue_anna_alchemist [blue_anna_fruit_fields, blue_anna_fruit_fields],
          tso_metal_star

Skill      XL: |  1  2  3  4  5  6  7  8  9 |
---------------+----------------------------+-----
Long Blades    | 3 4 5 7 9 11 | 11.4
Dodging        | 4 |  4.1
Unarmed Combat | 1 |  1.3
Shields        | 1 3 |  3.4
Fighting       | |  2.5
Stealth        | |  0.4
Evocations     | |  2.2

Action                   |  1- 3 |  4- 6 |  7- 9 || total
-------------------------+-------+-------+-------++-------
Melee: Long sword        |    50 |   182 |   363 ||   595
       Unarmed           |    32 |   160 |   265 ||   457
       Peck              |       |    33 |     6 ||    39
       Targe             |       |       |    39 ||    39
Throw: Stone             |     2 |     1 |       ||     3
       Rusty metal       |     1 |     1 |       ||     2
       Skull             |     1 |     1 |       ||     2
 Abil: Breathe Magma     |     1 |     5 |     5 ||    11
       Evoke Berserk Rag |       |       |     3 ||     3
Evoke: Wand              |       |       |     3 ||     3
  Use: Potion            |     1 |       |     1 ||     2
       Scroll            |     1 |       |       ||     1
 Stab: Sleeping          |     2 |     2 |     2 ||     6
       Distracted        |       |     1 |     1 ||     2
  Eat: Chunk             |       |     5 |    11 ||    16
Armor: Leather armour    |    31 |     5 |       ||    36
       Scale mail        |       |   108 |   119 ||   227
       Ring mail         |       |       |    89 ||    89
Dodge: Dodged            |    19 |   135 |   136 ||   290
Block: Targe             |       |       |    24 ||    24
       Rpst.: Long sword |     8 |    45 |    44 ||    97
